 Dungeon Sprint DCSS version 0.30-a0-304-gdc4b735fe1 (webtiles) character file.

Game seed: 3667557879240255509

6700 mhtbhm the Tortoise (level 10, -4/103 HPs)
             Began as an Armataur Fighter on Oct 21, 2022.
             Was a High Priest of Okawaru.
             Killed by divine providence
             ... invoked by an orc priest
              (12 damage)
             ... in the Dungeon (Sprint IX: "|||||||||||||||||||||||||||||").
             The game lasted 00:03:40 (2501 turns).

mhtbhm the Tortoise (Armataur Fighter)              Turns: 2501, Time: 00:03:41

Health: -4/103     AC: 20    Str: 29    XL:     10   Next: 74%
Magic:  10/10      EV: 10    Int:  9    God:    Okawaru [*****.]
Gold:   16         SH:  6    Dex:  9    Spells: 9/9 levels left

rFire   . . .      SeeInvis .    a - +2 scimitar (flame)
rCold   . . .      Faith    .    c - +0 buckler
rNeg    + . .      Spirit   .    b - +1 chain mail
rPois   +          Reflect  .    m - +0 helmet
rElec   .          Harm     .    v - +1 cloak of Dim Light {rPois rN+}
rCorr   .          Roll     +    n - +0 pair of gloves
Will    .....      NoTele   +    (no barding)
Stlth   ..........               (no amulet)
HPRegen 0.37/turn                o - +3 ring of strength
MPRegen 0.12/turn                p - +2 ring of evasion

@: no status effects
A: large, rugged brown scales 3, deformed body, armoured tail, roll, long
tongue, awkward tongue
a: Renounce Religion, Heroism, Finesse


You were in the Dungeon.
You worshipped Okawaru.
Okawaru was extremely pleased with you.
You visited 1 branch You collected 16 gold pieces.

Inventory:

Hand Weapons
 a - a +2 scimitar of flaming (weapon)
Armour
 b - a +1 chain mail (worn)
 c - a +0 buckler (worn)
 m - a +0 helmet (worn)
 n - a +0 pair of gloves (worn)
 v - the +1 cloak of Dim Light (worn) {rPois rN+}
   (Okawaru gifted it to you in the Dungeon)

   rPois:     It protects you from poison.
   rN:        It protects you from negative energy.
Jewellery
 o - a +3 ring of strength (left hand)
 p - a +2 ring of evasion (right hand)
Wands
 l - a wand of quicksilver (1)
Scrolls
 j - 2 scrolls of blinking
 k - 2 scrolls of amnesia
 s - a scroll of enchant weapon
 t - 3 scrolls of enchant armour
 u - 2 scrolls of identify
 w - a scroll of butterflies
Potions
 d - a potion of might
 e - a potion of curing
 f - 5 potions of heal wounds
 g - a potion of haste
 h - 4 potions of magic
 i - a potion of invisibility
 q - 2 potions of berserk rage
 r - 2 potions of brilliance


   Skills:
 + Level 11.6 Fighting
 + Level 12.9 Long Blades
 + Level 16.1 Armour
 + Level 5.0 Dodging
 + Level 2.2 Stealth
 + Level 11.6 Shields
 + Level 4.1 Evocations


You had 9 spell levels left.
You didn't know any spells.
Your spell library was empty.

Dungeon Overview and Level Annotations

Branches:
Dungeon (1/1)

Altars:
Cheibriados
Dithmenos
Elyvilon
Fedhas
Gozag
Hepliaklqana
Kikubaaqudgha
Makhleb
Nemelex Xobeh
Okawaru
Qazlal
Ru
Sif Muna
Trog
Uskayaw
Vehumet
Wu Jian
Xom
Yredelemnul
Zin
The Shining One
Jiyva
Lugonu


Innate Abilities, Weirdness & Mutations

You are completely covered in rugged brown scales. (AC +3, +7% HP)
Armour fits poorly on your strangely shaped body.
You have a long armoured tail.
You roll when moving toward enemies. (Rampage)
Your long tongue fully drains potion bottles. (2x potion effects)
Your tongue gives you trouble enunciating. (1.5x scroll delay)


Message History

Beogh smites you!
* * * LOW HITPOINT WARNING * * *
The orc priest hits you but does no damage.
Unknown command.
You barely miss the orc priest.
The orc priest is almost dead.
The orc priest calls down the wrath of Beogh upon you.
Pain shoots through your body!
* * * LOW HITPOINT WARNING * * *
The orc priest looks braver for a moment.
You slash the orc priest! You burn the orc priest.
You kill the orc priest!
Okawaru accepts your kill.
Unknown command.
Unknown command.
You hit the orc priest but do no damage.
You barely miss the orc priest.
The orc priest looks braver for a moment.
The orc priest closely misses you.
You closely miss the orc priest.
The orc priest hits you with a +0 flail.
* * * LOW HITPOINT WARNING * * *
You hit the orc priest. You burn the orc priest.
The orc priest is heavily wounded.
The orc priest hits you but does no damage.
You slash the orc priest! You burn the orc priest.
You kill the orc priest!
Okawaru accepts your kill.
You roll towards the orc!
You completely miss the orc. The orc hits you but does no damage.
You slash the orc! You burn the orc.
You kill the orc!
Okawaru accepts your kill.
You hit the orc priest but do no damage.
The orc priest invokes the aid of Beogh against you.
Beogh smites you!
* * * LOW HITPOINT WARNING * * *
The orc priest calls down the wrath of Beogh upon you.
Beogh smites you!
You die...

▓.▓.▓.▓.▓)▓
▓.▓.▓.▓.▓.▓
▓)▓.▓.▓.▓.▓
▓)▓.▓}▓.▓.▓
▓)▓.▓.▓.▓.▓
▓)▓.▓.▓.▓'▓
▓)▓.▓.▓.▓_▓
▓)▓.▓.▓.▓_▓
▓@▓.▓.▓.▓_▓
▓o▓.▓.▓.▓_▓
▓o▓.▓'▓.▓_▓
▓.▓.▓÷▓.▓_▓
▓o▓.▓.▓.▓_▓
▓.▓.▓.▓.▓_▓
▓.▓.▓.▓.▓_▓
▓.▓.▓.▓.▓_▓
▓.▓.▓.▓_▓


You could see 2 orc priests and an orc.

Vanquished Creatures
  A hydra (D)
  2 centaur warriors (D)
  A cane toad (D)
  A rime drake (D)
  A komodo dragon (D)
  An unseen horror (D)
  4 trolls (D)
  A blink frog (D)
  A slime creature (D)
  A wraith (D)
  3 wargs (D)
  7 water moccasins (D)
  3 orc warriors (D)
  A black bear (D)
  6 wolves (D)
  An ogre (D)
  4 bullfrogs (D)
  A scorpion (D)
  4 orc priests (D)
  An orc wizard (D)
  A hell rat (D)
  A gnoll (D)
  A dart slug (D)
  4 orcs (D)
  2 ball pythons (D)
  A frilled lizard (D)
  2 kobolds (D)
57 creatures vanquished.

Notes
Turn   | Place    | Note
-------+----------+-------------------------------------------
     0 | D        | mhtbhm the Armataur Fighter began the quest for the Orb.
     0 | D        | Reached XP level 1. HP: 19/19 MP: 1/1
    19 | D        | Reached skill level 4 in Armour
    31 | D        | Noticed a scorpion
    31 | D        | Noticed an ogre
    31 | D        | Noticed a black bear
    34 | D        | Killed a scorpion
    35 | D        | Reached skill level 6 in Armour
    35 | D        | Reached skill level 5 in Shields
    35 | D        | Reached XP level 2. HP: 29/29 MP: 2/2
    35 | D        | Reached XP level 3. HP: 36/36 MP: 3/3
    37 | D        | Killed an ogre
    38 | D        | Reached skill level 5 in Fighting
    38 | D        | Reached skill level 7 in Armour
    38 | D        | Reached XP level 4. HP: 24/44 MP: 4/4
    38 | D        | Reached XP level 5. HP: 28/51 MP: 5/5
    42 | D        | Reached skill level 1 in Dodging
   266 | D        | Killed a black bear
   267 | D        | Reached skill level 5 in Long Blades
   267 | D        | Reached skill level 8 in Armour
   322 | D        | Found a snail-covered altar of Cheibriados.
   322 | D        | Found a shadowy altar of Dithmenos.
   322 | D        | Found a white marble altar of Elyvilon.
   322 | D        | Found a blossoming altar of Fedhas.
   322 | D        | Found an opulent altar of Gozag.
   323 | D        | Found a hazy altar of Hepliaklqana.
   324 | D        | Found a viscous altar of Jiyva.
   325 | D        | Found an ancient bone altar of Kikubaaqudgha.
   326 | D        | Found a corrupted altar of Lugonu.
   327 | D        | Found a burning altar of Makhleb.
   328 | D        | Found a sparkling altar of Nemelex Xobeh.
   329 | D        | Found an iron altar of Okawaru.
   330 | D        | Found a stormy altar of Qazlal.
   331 | D        | Found a sacrificial altar of Ru.
   332 | D        | Found a shimmering blue altar of Sif Muna.
   333 | D        | Found a bloodstained altar of Trog.
   334 | D        | Found a hide-covered altar of Uskayaw.
   335 | D        | Found a radiant altar of Vehumet.
   336 | D        | Found an ornate altar of the Wu Jian Council.
   337 | D        | Found a shimmering altar of Xom.
   338 | D        | Found a basalt altar of Yredelemnul.
   341 | D        | Became a worshipper of Warmaster Okawaru
   344 | D        | Found a glowing silver altar of Zin.
   345 | D        | Found a glowing golden altar of the Shining One.
   400 | D        | Noticed a wraith
   400 | D        | Noticed a troll
   400 | D        | Noticed a troll
   400 | D        | Noticed a troll
   405 | D        | Killed a wraith
   406 | D        | Reached skill level 9 in Armour
   406 | D        | Reached XP level 6. HP: 46/64 MP: 6/6
   408 | D        | Reached skill level 10 in Armour
   413 | D        | Killed a troll
   413 | D        | Reached * piety under Okawaru
   413 | D        | Killed a troll
   413 | D        | Reached ** piety under Okawaru
   414 | D        | Reached skill level 11 in Armour
   414 | D        | Reached skill level 1 in Stealth
   414 | D        | Reached skill level 1 in Evocations
   414 | D        | Reached XP level 7. HP: 20/73 MP: 7/7
   415 | D        | Killed a troll
   416 | D        | Reached XP level 8. HP: 23/80 MP: 8/8
   780 | D        | Noticed a troll
   780 | D        | Noticed a slime creature
   780 | D        | Noticed a centaur warrior
   780 | D        | Noticed a centaur warrior
   780 | D        | Noticed a boulder beetle
   782 | D        | Killed a troll
   782 | D        | Killed an unseen horror
   782 | D        | Reached *** piety under Okawaru
   783 | D        | Reached skill level 12 in Armour
   786 | D        | Killed a slime creature
  1077 | D        | Killed a centaur warrior
  1077 | D        | Reached **** piety under Okawaru
  1078 | D        | Reached skill level 13 in Armour
  1078 | D        | Reached skill level 10 in Shields
  1078 | D        | Reached XP level 9. HP: 20/90 MP: 9/9
  1088 | D        | Killed a centaur warrior
  1088 | D        | Reached ***** piety under Okawaru
  1089 | D        | Reached skill level 10 in Fighting
  1089 | D        | Reached skill level 10 in Long Blades
  1089 | D        | Reached skill level 14 in Armour
  1544 | D        | HP: 1/92 [blink frog (7)]
  1872 | D        | Noticed a cane toad
  1872 | D        | Noticed a komodo dragon
  1872 | D        | Noticed a rime drake
  1876 | D        | Noticed a six-headed hydra
  1891 | D        | Killed a cane toad
  1892 | D        | Reached skill level 15 in Armour
  1892 | D        | Reached XP level 10. HP: 39/100 MP: 10/10
  2080 | D        | Killed a one-headed hydra
  2080 | D        | Received a gift from Okawaru
  2081 | D        | Identified the +1 cloak of Dim Light {rPois rN+} (Okawaru
                  | gifted it to you in the Dungeon)
  2081 | D        | Received a gift from Okawaru
  2270 | D        | Reached skill level 16 in Armour
  2490 | D        | Reached skill level 5 in Dodging
  2501 | D        | Killed from afar by an orc priest

Illustrated notes

Levels and vault maps discovered:
D:        linesprint [early_d, line_temple, items_1, d_10, items_2, lair_1,
          lair_end, items_3, orc_1, orc_end, items_4, d_15, swamp_1, shoals_1,
          snake_1, spider_1, d_20, vaults_1, items_5, swamp_end, shoals_end,
          snake_end, spider_end, vaults_end, d_27, items_6, zot_1, zot_end,
          crypt_end, forest_end, elf_end, slime_end, tomb_end, abyss_end,
          pan_hell_end]

Skill      XL: |  1  2  3  4  5  6  7  8  9 10 |
---------------+-------------------------------+-----
Long Blades    | 3 4 6 7 9 10 12 | 12.9
Armour         | 6 7 9 11 13 15 16 | 16.1
Fighting       | 4 5 7 8 9 10 11 | 11.6
Shields        | 5 6 7 9 10 11 | 11.6
Dodging        | 1 2 3 4 5 |  5.0
Stealth        | 1 2 |  2.2
Evocations     | 1 3 4 |  4.1

Action                   |  1- 3 |  4- 6 |  7- 9 | 10-12 || total
-------------------------+-------+-------+-------+-------++-------
Melee: Long sword        |    22 |    16 |       |       ||    38
       Tailslap          |     2 |     5 |    15 |    21 ||    43
       Scimitar          |       |     9 |   128 |   120 ||   257
Evoke: Wand              |       |     4 |     5 |       ||     9
  Use: Potion            |     1 |       |     6 |       ||     7
       Scroll            |       |       |     1 |     1 ||     2
Armor: Scale mail        |     8 |    12 |       |       ||    20
       Chain mail        |       |    13 |    81 |    29 ||   123
Dodge: Dodged            |     4 |    13 |    60 |    25 ||   102
Block: Buckler           |     5 |     9 |    45 |    21 ||    80

Table legend: (Time is in decaauts)
 A = Elapsed time spent in this place.
 B = Non-inter-level travel time spent in this place.
 C = Inter-level travel time spent in this place.
 D = Time resting spent in this place.
 E = Time spent auto-exploring this place.
 F = Levels seen in this place.
 G = Mean time per level.
                   A        B        C        D        E       F      G
               +--------+--------+--------+--------+--------+-----+--------+
         Total |   2500 |   2500 |      0 |   1644 |    174 |   1 | 2500.0 |
       Dungeon |   2500 |   2500 |      0 |   1644 |    174 |   1 | 2500.0 |
               +--------+--------+--------+--------+--------+-----+--------+

Top non-repeatable levels by time:
       D: 2500 daAuts
